AoeStats
← Zuckervisch

Arena

508084675Analyzed
3v3 RM · 11d ago on Sep 20, 2026· 43m 35s· 6 players
Game mode
Random Map
Map size
Normal (6 player)
Population
200
Speed
Normal
Resources
Standard
Victory
Conquest
Starting age
Dark Age
Ending age
Imperial Age
RankedLock teamsTeams togetherTeam positionsShared explorationLock speedFull tech treeHidden civsTurbo modeCheats
Victory
Defeat
🇵🇱 Burgundians · Poland
1366
+14
🇵🇱 Khitans · Poland
1361
+14
🇵🇱 Bohemians · Poland
1267
+18
🇺🇸 Maya · United States
1330
-16
🇮🇪 Koreans · Ireland
1314
-15
🇧🇪 Khmer · Belgium
1310
-15
Daan
4:11 Loom
12:13 Feudal Age
16:37 Castle Age
15:13 Double-Bit Axe
15:20 Horse Collar
16:22 Gold Mining
16:43 Stone Mining
20:50 Town Watch
22:18 Husbandry
23:44 Wheelbarrow
23:21 Bloodlines
23:53 Devotion
25:36 Light Cavalry
27:14 Hand Cart
33:21 Imperial Age
31:29 Bow Saw
34:30 Conscription
34:14 Double Crossbow
34:34 Conscription
34:36 Heavy Plow
34:41 Elite Ballista Elephant
36:32 Conscription
36:14 Double Crossbow
36:37 Conscription
38:51 Hoardings
38:28 Siege Engineers
39:23 Chemistry
38:47 Pikeman
39:12 Arson
39:27 Halberdier
40:08 Scale Mail Armor
40:19 Forging
41:07 Chain Mail Armor
Langley^
10:55 Feudal Age
15:15 Castle Age
14:38 Double-Bit Axe
14:35 Horse Collar
16:18 Bow Saw
21:23 Wheelbarrow
25:51 Hand Cart
30:11 Imperial Age
28:52 Scale Barding Armor
28:58 Forging
28:43 Fletching
29:20 Ballistics
30:22 Chain Barding Armor
29:55 Fletching
33:26 Chemistry
32:38 Forging
32:19 Fletching
32:50 Scale Mail Armor
32:27 Elite War Wagon
32:42 Elite Fire Lancer
35:48 Chain Mail Armor
36:09 Iron Casting
36:50 Husbandry
37:17 Fletching
38:30 Pikeman
40:52 Halberdier
42:33 Elite Skirmisher
43:19 Thumb Ring
hehe xd
10:45 Feudal Age
15:13 Castle Age
17:55 Wheelbarrow
17:33 Double-Bit Axe
17:30 Horse Collar
19:31 Bow Saw
19:29 Fletching
21:22 Bodkin Arrow
23:51 Padded Archer Armor
25:10 Stone Mining
25:15 Gold Mining
25:54 Ballistics
26:09 Leather Archer Armor
27:00 Loom
28:45 Hand Cart
31:23 Imperial Age
28:32 Pikeman
30:00 Hand Cart
30:02 Scale Mail Armor
30:30 Squires
31:40 Chain Mail Armor
33:01 Conscription
32:05 Halberdier
32:57 Forging
32:50 Bracer
32:55 Eagle Warrior
34:07 Plate Mail Armor
34:06 Elite Eagle Warrior
35:34 Forging
38:13 Stone Shaft Mining
37:35 Halberdier
38:24 Thumb Ring
37:40 Crossbowman
40:17 Town Watch
42:37 Iron Casting
more
2:35 Loom
3:25 Double-Bit Axe
11:32 Feudal Age
11:54 Horse Collar
15:23 Castle Age
14:22 Bow Saw
13:55 Horse Collar
16:44 Light Cavalry
17:36 Heavy Plow
21:26 Fervor
23:08 Wheelbarrow
27:07 Two-Man Saw
31:13 Imperial Age
29:32 Scale Barding Armor
29:29 Husbandry
28:51 Cavalier
30:20 Hand Cart
30:42 Chain Barding Armor
30:59 Burgundian Vineyards
33:06 Chemistry
32:34 Sanctity
32:13 Gold Mining
33:30 Block Printing
32:44 Paladin
34:12 Masonry
34:29 Conscription
34:54 Crop Rotation
35:40 Plate Barding Armor
36:05 Forging
38:47 Iron Casting
38:20 Padded Archer Armor
40:06 Gold Shaft Mining
39:23 Stone Mining
40:56 Blast Furnace
40:13 Hussar
41:02 Caravan
41:38 Coinage
42:23 Padded Archer Armor
42:09 Elite Skirmisher
Zuckervisch
10:28 Feudal Age
14:43 Castle Age
13:09 Double-Bit Axe
22:29 Wheelbarrow
22:45 Domestication
23:42 Forging
24:08 Hand Cart
25:06 Light Cavalry
29:08 Imperial Age
26:47 Fletching
27:12 Gold Mining
27:14 Stone Mining
27:36 Bow Saw
28:21 Ballistics
28:07 Padded Archer Armor
28:03 Loom
27:56 Elite Skirmisher
29:32 Leather Archer Armor
29:13 Bodkin Arrow
30:49 Chemistry
30:05 Town Watch
31:04 Thumb Ring
31:26 Treadmill Crane
32:15 Husbandry
32:18 Bracer
32:24 Scale Barding Armor
34:58 Lamellar Armor
34:25 Heavy Rocket Cart
38:49 Chain Barding Armor
39:06 Iron Casting
39:41 Hussar
40:50 Conscription
41:37 Scale Mail Armor
43:16 Pastoralism
44:29 Ring Archer Armor
44:14 Chain Mail Armor
Janusz
10:25 Feudal Age
11:36 Double-Bit Axe
14:59 Castle Age
14:55 Double-Bit Axe
17:05 Bow Saw
17:04 Loom
17:58 Wheelbarrow
17:22 Horse Collar
18:48 Loom
18:52 Town Watch
20:36 Hand Cart
21:05 Scale Mail Armor
21:15 Forging
21:52 Pikeman
23:21 Squires
23:37 Forging
23:42 Chain Mail Armor
24:07 Town Patrol
24:43 Chain Mail Armor
25:08 Heavy Plow
27:59 Iron Casting
27:19 Arson
31:32 Imperial Age
31:44 Chemistry
32:31 Ballistics
32:24 Houfnice
33:06 Halberdier
35:18 Plate Mail Armor
36:11 Wagenburg Tactics
36:27 Conscription
37:30 Siege Engineers
39:53 Blast Furnace
Connection lost

Rejoining the realm…

Still unreachable

The connection could not be restored.

Session expired

The server has moved on; the page needs a fresh start.